 Dungeon Crawl Stone Soup version 0.22.1-1-ga44c0e5 (webtiles) character file.

7442 Iscandelvey the Thaumaturge (level 10, -2/69 HPs)
             Began as a Demigod Wizard on Sept 30, 2018.
             Shot with an arrow by a centaur (16 damage)
             ... on level 10 of the Dungeon on Oct 1, 2018.
             The game lasted 01:26:33 (14085 turns).

Iscandelvey the Thaumaturge (Demigod Wizard)       Turns: 14085, Time: 01:26:33

Health: -2/69      AC:  5    Str: 10    XL:     10   Next: 62%
Magic:  9/27       EV: 14    Int: 28    God:
Gold:   444        SH:  0    Dex: 14    Spells: 17/28 levels left

rFire    + . .     SeeInvis .   o - +3 hand axe (distort)
rCold    . . .     Gourm    .   (no shield)
rNeg     . . .     Faith    .   m - +2 robe {rF+}
rPois    .         Spirit   .   q - +0 helmet
rElec    .         Reflect  .   (no cloak)
rCorr    .         Harm     .   (no gloves)
MR       +....                  (no boots)
Stlth    ++++......             (no amulet)
HPRegen  0.21/turn              l - ring of stealth
MPRegen  0.20/turn              (no ring)

@: no status effects
A: high mp 1
a: no special abilities


You were on level 10 of the Dungeon.
You were hungry.

You visited 1 branch of the dungeon, and saw 10 of its levels.

You collected 444 gold pieces.

Inventory:

Hand Weapons
 e - a +0 dagger
 o - a +3 hand axe of distortion (weapon)
 w - a cursed -3 spear
 G - a cursed -1 war axe
Missiles
 H - a throwing net (quivered)
Armour
 a - a +0 robe
 b - a +0 hat
 m - a +2 robe of fire resistance (worn)
 q - a +0 helmet (worn)
 y - a cursed +0 shield
Magical Staves
 F - a cursed staff of power
Jewellery
 l - a ring of stealth (left hand)
Scrolls
 f - 2 scrolls of enchant weapon {unknown}
 g - 6 scrolls of identify
 h - a scroll of magic mapping {unknown}
 j - a scroll of amnesia {unknown}
 p - 3 scrolls of teleportation
 r - a scroll of blinking {unknown}
 v - 5 scrolls of remove curse
 x - a scroll of random uselessness {unknown}
 z - a scroll of acquirement {unknown}
 C - a scroll of enchant armour {unknown}
 D - a scroll of fear {unknown}
Potions
 c - a potion of heal wounds
 i - 2 potions of lignification {unknown}
 k - 3 potions of brilliance
 s - a potion of flight {unknown}
 t - 3 potions of degeneration {unknown}
 u - a potion of agility {unknown}
 A - a potion of invisibility {unknown}
 B - a potion of cancellation {unknown}
 E - a potion of haste {unknown}
Comestibles
 d - 13 rations


   Skills:
 - Level 0.1 Fighting
 + Level 3.5 Axes
 + Level 4.3 Dodging
 - Level 4.3 Stealth
 * Level 9.5 Spellcasting
 * Level 8.6 Conjurations
 + Level 0.8 Summonings
 + Level 2.1 Translocations
 + Level 1.3 Fire Magic
 + Level 3.2 Air Magic
 + Level 1.7 Poison Magic


You had 17 spell levels left.
You knew the following spells:

 Your Spells              Type           Power        Failure   Level  Hunger
a - Magic Dart            Conj           ####         1%          1    None
b - Blink                 Tloc           N/A          2%          2    None
c - Call Imp              Summ           ###.....     4%          2    None
d - Conjure Flame         Conj/Fire      #####...     1%          3    None
e - Mephitic Cloud        Conj/Pois/Air  #####...     1%          3    None

Your spell library contained the following spells:

 Spells                   Type           Power        Failure   Level  Hunger
 Confusing Touch          Hex            ##....       4%          1    None
 Gell's Gravitas          Tloc           ####......   5%          3    None
 Slow                     Hex            ##......     6%          2    None
 Confuse                  Hex            ##......     13%         3    None
 Petrify                  Tmut/Erth      ##......     38%         4    None
 Metabolic Englaciation   Hex/Ice        ##........   75%         5    ####...
 Yara's Violent Unravell  Hex/Tmut       ##........   75%         5    ####...


Dungeon Overview and Level Annotations

Branches:
Dungeon (10/15)            Temple (0/1) D:7
   Lair: D:8-11         Orc: D:9-12

Shops:
D:5 }   D:6 %


Innate Abilities, Weirdness & Mutations

You have an increased reservoir of magic. (+10% MP)


Message History

Casting: Call Imp (safe; 4% risk of failure)
Confirm with . or Enter, or press ? or * to list all spells.
A beastly little devil appears in a puff of flame.
The centaur shoots an arrow.
The arrow closely misses your crimson imp.
The arrow closely misses you.
Your crimson imp hits the centaur.
Casting: Call Imp (safe; 4% risk of failure)
Confirm with . or Enter, or press ? or * to list all spells.
Okay, then.
Casting: Call Imp (safe; 4% risk of failure)
Confirm with . or Enter, or press ? or * to list all spells.
Aiming: Mephitic Cloud (safe; 1% risk of failure)
Press: ? - help, Shift-Dir - straight line, f/p - centaur
Aim: a centaur, wielding a shortbow (lightly wounded)
Okay, then.
Your crimson imp disappears in a puff of smoke!
The centaur shoots an arrow.
The arrow barely misses your crimson imp.
The arrow hits you!
You die...

#(....[............
#(.................
#..................
#(...c..###....####
#(####..# #....#
#o# #..# #....# #c#
#..# #....#
#5####..# #....#
#ยง@.((..###....#
#55.............
#(5(.$.......
######.......
..###.. .K# ..# ..#
..#


You could see a centaur, an orc, a friendly iron imp and 3 friendly crimson
imps.

Vanquished Creatures
  A two-headed ogre (D:8)
  An ugly thing (D:9)
  2 trolls
  Prince Ribbit (D:8)
  2 hippogriffs
  2 hogs (D:7)
  A human (D:7)
  2 water moccasins
  A sky beast (D:10)
  An ice beast (D:9)
  A phantom (D:4)
  3 orc warriors
  5 ogres
  A black bear (D:9)
  A necrophage (D:7)
  7 centaurs
  A wolf (D:8)
  2 big kobolds (D:8)
  3 bullfrogs
  2 gnoll sergeants
  3 scorpions
  A water moccasin skeleton (D:8)
  18 killer bees
  4 wights
  3 crimson imps
  3 jellies
  A bullfrog skeleton (D:7)
  3 bullfrog zombies
  6 orc priests (D:9)
  8 hounds
  A centaur skeleton (D:6)
  Jessica (D:2)
  An iguana (D:9)
  5 orc wizards
  2 hound skeletons
  A worker ant zombie (D:9)
  9 adders
  18 gnolls
  A howler monkey skeleton (D:4)
  A shadow imp (D:7)
  An ooze (D:3)
  An adder zombie (D:5)
  2 worms
  3 leopard geckos
  18 orcs
  11 bats
  4 giant cockroaches
  10 goblins
  5 hobgoblins
  9 jackals
  8 quokkas
  A ball python (D:1)
  5 frilled lizards
  7 kobolds
  A quokka skeleton (D:6)
  A quokka zombie (D:6)
  7 rats
224 creatures vanquished.

Vanquished Creatures (others)
  A hog (D:7)
  A sky beast (D:5)
  A centaur zombie (D:6)
  An orc wizard (D:7)
  A bullfrog skeleton (D:8)
  A bush (D:7)
6 creatures vanquished.

Grand Total: 230 creatures vanquished

Notes
Turn   | Place    | Note
-------+----------+-------------------------------------------
     0 | D:1      | Iscandelvey the Demigod Wizard began the quest for the Orb.
     0 | D:1      | Reached XP level 1. HP: 14/14 MP: 6/6
   181 | D:1      | Reached skill level 3 in Spellcasting
   269 | D:1      | Reached skill level 1 in Conjurations
   269 | D:1      | Reached XP level 2. HP: 20/20 MP: 8/8
   813 | D:2      | Reached XP level 3. HP: 26/26 MP: 5/10
   889 | D:2      | Noticed Jessica
   894 | D:2      | Learned a level 2 spell: Blink
   897 | D:2      | Learned a level 2 spell: Call Imp
   912 | D:2      | Killed Jessica
  1685 | D:2      | Reached XP level 4. HP: 24/33 MP: 4/12
  2007 | D:2      | Found a blossoming altar of Fedhas.
  2007 | D:2      | Found a faded altar of an unknown god.
  2012 | D:2      | Found a glowing golden altar of the Shining One.
  2014 | D:2      | Found a white marble altar of Elyvilon.
  2016 | D:2      | Found a hazy altar of Hepliaklqana.
  2421 | D:3      | Reached skill level 1 in Translocations
  2641 | D:3      | Reached XP level 5. HP: 38/38 MP: 7/13
  3163 | D:3      | Learned a level 3 spell: Conjure Flame
  3167 | D:3      | Learned a level 3 spell: Mephitic Cloud
  3331 | D:4      | Reached skill level 1 in Axes
  3331 | D:4      | Reached skill level 4 in Spellcasting
  3362 | D:4      | Noticed an ogre
  3384 | D:4      | Killed an ogre
  3541 | D:4      | Noticed a phantom
  3767 | D:4      | Reached XP level 6. HP: 45/45 MP: 15/15
  4249 | D:5      | Entered Level 5 of the Dungeon
  4734 | D:5      | Found Kodur's Gadget Boutique.
  5024 | D:6      | Found Devo's Food Boutique.
  5175 | D:6      | Reached XP level 7. HP: 50/50 MP: 17/17
  5887 | D:7      | Reached skill level 5 in Spellcasting
  5925 | D:7      | Noticed a hippogriff
  6456 | D:6      | Killed a hippogriff
  6551 | D:7      | Reached XP level 8. HP: 57/57 MP: 15/20
  6864 | D:7      | Reached skill level 6 in Spellcasting
  6886 | D:7      | Reached skill level 5 in Conjurations
  8500 | D:7      | Reached skill level 1 in Air Magic
  8592 | D:7      | Reached skill level 7 in Spellcasting
  8592 | D:7      | Reached XP level 9. HP: 54/62 MP: 9/23
  9183 | D:7      | Found a staircase to the Ecumenical Temple.
  9257 | D:8      | Reached skill level 1 in Poison Magic
  9401 | D:8      | Noticed a two-headed ogre
  9607 | D:8      | Killed a two-headed ogre
  9607 | D:8      | Reached skill level 1 in Fire Magic
  9805 | D:8      | Reached skill level 8 in Spellcasting
 10022 | D:8      | Noticed Prince Ribbit
 10725 | D:8      | Reached XP level 10. HP: 54/69 MP: 7/26
 11037 | D:8      | Killed Prince Ribbit
 12077 | D:9      | Noticed a green ugly thing
 12087 | D:9      | Killed a green ugly thing
 12324 | D:9      | Reached skill level 9 in Spellcasting
 13726 | D:10     | Entered Level 10 of the Dungeon
 13800 | D:10     | HP: 2/69 [something (5)]
 14085 | D:10     | Shot with an arrow by a centaur

Skill      XL: |  1  2  3  4  5  6  7  8  9 10 |
---------------+-------------------------------+-----
Dodging        | 2 3 4 |  4.3
Spellcasting   | 3 4 5 7 8 9 |  9.5
Conjurations   | 1 2 3 4 5 7 8 |  8.6
Stealth        | 2 3 4 |  4.3
Translocations | 1 2 |  2.1
Axes           | 1 2 3 |  3.5
Air Magic      | 1 2 3 |  3.2
Poison Magic   | 1 |  1.7
Fire Magic     | 1 |  1.3
Fighting       | |  0.1
Summonings     | |  0.8

Action                   |  1- 3 |  4- 6 |  7- 9 | 10-12 || total
-------------------------+-------+-------+-------+-------++-------
Melee: Dagger            |    25 |       |       |       ||    25
       Hand axe          |       |    96 |   163 |    64 ||   323
 Cast: Magic Dart        |    83 |    92 |   279 |   207 ||   661
       Blink             |     5 |       |    14 |    12 ||    31
       Call Imp          |     2 |       |       |     6 ||     8
       Conjure Flame     |       |     1 |    20 |    17 ||    38
       Mephitic Cloud    |       |       |    29 |    25 ||    54
  Use: Potion            |       |       |     1 |     9 ||    10
       Scroll            |       |       |     4 |     1 ||     5
 Stab: Sleeping          |     2 |    14 |     3 |     2 ||    21
       Distracted        |       |     1 |       |       ||     1
       Confused          |       |       |     3 |     7 ||    10
  Eat: Ration            |     1 |       |     2 |       ||     3
       Chunk             |       |    10 |    11 |     9 ||    30
Armor: Robe              |     5 |    13 |    41 |    20 ||    79
Dodge: Dodged            |    21 |    43 |   159 |   116 ||   339
